 Dungeon Crawl Stone Soup version 0.23.2-33-g5129a83184 (webtiles) character file.

Game seed: 4286288744133075314

2 MalarOregon the Digger (level 1, 0/13 (14) HPs)
             Began as a Ghoul Earth Elementalist on July 15, 2019.
             Slain by a jackal (1 damage)
             ... on level 1 of the Dungeon.
             The game lasted 00:00:48 (74 turns).

MalarOregon the Digger (Ghoul Earth Elementalist)     Turns: 74, Time: 00:00:48

HP:   0/13 (14)     AC:  2    Str: 11    XL:     1   Next: 40%
MP:   0/2           EV: 12    Int: 10    God:
Gold: 8             SH:  0    Dex:  9    Spells: 2/3 levels left

rFire    . . .     SeeInvis .   (no weapon)
rCold    + . .     Gourm    .   (no shield)
rNeg     + + +     Faith    .   c - +0 robe
rPois    ∞         Spirit   .   (no helmet)
rElec    .         Reflect  .   (no cloak)
rCorr    .         Harm     .   (no gloves)
MR       .....                  (no boots)
Stlth    ++........             (no amulet)
HPRegen  0.00/turn              (no ring)
MPRegen  0.08/turn              (no ring)

@: rotting
A: rotting body, claws 1, carnivore, cold resistance 1, negative energy
resistance 3, inhibited regeneration, torment resistance, unbreathing
a: no special abilities


You were on level 1 of the Dungeon.
You were not hungry.

You visited 1 branch of the dungeon, and saw 1 of its levels.

You collected 8 gold pieces.

Inventory:

Missiles
 b - 27 stones (quivered)
Armour
 c - a +0 robe (worn)
Scrolls
 a - a scroll of remove curse {unknown}
Comestibles
 e - a ration {!d}


   Skills:
 + Level 0.1 Fighting
 + Level 1.8 Dodging
 + Level 2.2 Stealth
 + Level 1.8 Spellcasting
   Level 0.8 Transmutations
 + Level 3.3 Earth Magic


You had 2 spell levels left.
You knew the following spells:

 Your Spells              Type           Power        Failure   Level  Hunger
a - Sandblast             Erth           #.....       9%          1    ##.....

Your spell library contained the following spells:

 Spells                   Type           Power        Failure   Level  Hunger
 Passwall                 Tmut/Erth      #.......     21%         2    ###....
 Stone Arrow              Conj/Erth      #.....       43%         3    ####...
 Petrify                  Tmut/Erth      #.......     80%         4    #####..
 Lee's Rapid Deconstruct  Erth           #.........   92%         5    ######.


Dungeon Overview and Level Annotations

Branches:
Dungeon (1/15)

Altars:


Innate Abilities, Weirdness & Mutations

Your body is rotting away.
You thrive on raw meat.
You are immune to poison.
You have sharp fingernails.
You are carnivorous and can eat meat at any time.
Your flesh is cold resistant. (rC+)
You are immune to negative energy. (rN+++)
You do not regenerate when monsters are visible.
You are immune to unholy pain and torment.
You can survive without breathing.


Message History

a - a scroll labeled JEAFFIG HEDA
Found a ring mail.
You feel your flesh rotting away.
Found 8 gold pieces.
Found 19 stones.
You now have 8 gold pieces.
A jackal comes into view.
The jackal barks!
A jackal comes into view. x2
Found an escape hatch in the floor.
There are monsters nearby!
A jackal comes into view.
The jackal barks! x2
You see here 19 stones.
The jackal barks!
You scratch the jackal. The jackal bites you. The jackal barely misses you.
You closely miss the jackal. The jackal closely misses you. x2
The jackal misses you. The jackal barely misses you. The jackal bites you.
You scratch the jackal.
You kill the jackal!
The jackal barely misses you. The jackal completely misses you.
The jackal bites you. The jackal completely misses you.
Aim: a jackal The blast of sand hits the jackal!
You kill the jackal!
b - 29 stones The jackal bites you.
* * * LOW HITPOINT WARNING * * *
The jackal bites you.
* * * LOW HITPOINT WARNING * * *
The jackal closely misses you.
Aim: a jackal The blast of sand misses the jackal.
b - 28 stones The jackal bites you.
* * * LOW HITPOINT WARNING * * *
The jackal bites you but does no damage.
The jackal barely misses you. The jackal barely misses you.
Okay, then.
The jackal barely misses you. The jackal closely misses you.
The jackal completely misses you.
Aim: a jackal The blast of sand hits the jackal but does no damage.
b - 27 stones The jackal closely misses you.
The jackal bites you.
* * * LOW HITPOINT WARNING * * *
The jackal barely misses you. The jackal bites you.
You die...

...†...##..###.<##..##....#
#......###..#####...##....#
#.......##...###...###....#
##......###........##....##
#.......####....###.....#
##........########.....##
##.........####......##
##.................##
###........h@...###
#####....h..### #########


You could see 2 jackals.

Vanquished Creatures
  2 jackals (D:1)
2 creatures vanquished.

Notes
Turn   | Place    | Note
-------+----------+-------------------------------------------
     0 | D:1      | MalarOregon the Ghoul Earth Elementalist began the quest
                  | for the Orb.
     0 | D:1      | Reached XP level 1. HP: 14/14 MP: 2/2
    74 | D:1      | Slain by a jackal

Action                   || total
-------------------------++-------
Melee: Unarmed           ||     3
 Cast: Sandblast         ||     3
Armor: Robe              ||     1
Dodge: Dodged            ||    16
